 Dungeon Crawl Stone Soup version 0.23-a0-767-gdc19b93d68 (webtiles) character file.

182339 D1HalberdGnoll the Bludgeoner (level 17, -17/113 HPs)
             Began as a Gargoyle Fighter on Jan 21, 2019.
             Was the Champion of the Shining One.
             Demolished by a wolf spider (22 damage)
             ... on level 2 of the Spider Nest.
             The game lasted 00:57:55 (43182 turns).

D1HalberdGnoll the Bludgeoner (Gargoyle Fighter)   Turns: 43182, Time: 00:57:55

Health: -17/113    AC: 40    Str: 26    XL:     17   Next: 96%
Magic:  0/27       EV: 11    Int: 14    God:    the Shining One [******]
Gold:   2557       SH: 14    Dex: 15    Spells: 16/16 levels left

rFire    . . .     SeeInvis .   D - +3 flail (holy)
rCold    + . .     Gourm    .   P - +6 buckler "Toan" {Int+6 Dex+4}
rNeg     + + +     Faith    .   J - +2 crystal plate armour
rPois    ∞         Spirit   +   s - +1 helmet
rElec    +         Reflect  .   a - scarf {cloud immunity}
rCorr    .         Harm     .   I - +0 pair of gloves
MR       +....                  x - +0 pair of boots
Stlth    ..........             o - amulet of guardian spirit
HPRegen  0.28/turn              C - ring of protection from cold
MPRegen  0.20/turn              T - +4 ring of evasion

@: flying, glowing
A: big wings, negative energy resistance 1, electricity resistance, unbreathing,
petrification resistance, rot immunity, AC +12
}: 1/15 runes: decaying
a: Stop Flying, Divine Shield, Cleansing Flame, Summon Divine Warrior, Brand
Weapon With Holy Wrath, Renounce Religion


You were on level 2 of the Spider Nest.
You worshipped the Shining One.
The Shining One was exalted by your worship.
You were not hungry.

You visited 6 branches of the dungeon, and saw 30 of its levels.
You also visited: Ossuary.

You collected 3117 gold pieces.
You spent 560 gold pieces at shops.

Inventory:

Hand Weapons
 d - a +2 whip of slashing
 D - a +3 flail of holy wrath (weapon)
Missiles
 m - 3 throwing nets (quivered)
Armour
 a - a scarf of cloud immunity (worn)
 c - a +0 shield
 s - a +1 helmet (worn)
 x - a +0 pair of boots (worn)
 I - a +0 pair of gloves (worn)
 J - a +2 crystal plate armour (worn)
 P - the +6 buckler "Toan" (worn) {Int+6 Dex+4}
   (You found it on level 6 of the Lair of Beasts)

   It affects your intelligence (+6).
   It affects your dexterity (+4).
Jewellery
 o - an amulet of guardian spirit (around neck)
 p - an uncursed ring of resist corrosion
 C - a ring of protection from cold (left hand)
 O - an uncursed ring of protection from fire
 T - a +4 ring of evasion (right hand)
Wands
 l - a wand of iceblast (34)
 n - a wand of acid (5)
 E - a wand of enslavement (12)
 F - a wand of polymorph (15)
 G - a wand of disintegration (7)
 N - a wand of paralysis (18)
 S - a wand of scattershot (7)
 V - a wand of digging (6)
Scrolls
 b - a scroll of fog
 e - 10 scrolls of teleportation
 g - 4 scrolls of enchant armour
 j - a scroll of magic mapping
 t - 3 scrolls of enchant weapon
 y - 11 scrolls of remove curse
 A - 5 scrolls of identify
 B - 4 scrolls of amnesia
 H - a scroll of brand weapon
 L - a scroll of fear
Potions
 h - 7 potions of lignification
 i - 7 potions of mutation
 k - a potion of resistance
 q - 3 potions of haste
 r - 6 potions of brilliance
 v - 2 potions of curing
 w - a potion of cancellation
 z - 5 potions of magic
 M - 3 potions of might
 R - a potion of agility
Miscellaneous
 u - a lamp of fire (inert)
 K - a phantom mirror
Comestibles
 f - 41 rations


   Skills:
 + Level 15.4 Fighting
 - Level 16.0 Maces & Flails
 - Level 10.1 Armour
 + Level 4.7 Dodging
 - Level 15.0 Shields
 + Level 14.0 Invocations
 - Level 12.0 Evocations


You had 16 spell levels left.
You didn't know any spells.
Your spell library contained the following spells:

 Spells                   Type           Power        Failure   Level  Hunger
 Confusing Touch          Hex            #.....       100%        1    ##.....
 Freeze                   Ice            #...         100%        1    ##.....
 Infusion                 Chrm           #...         100%        1    ##.....
 Confuse                  Hex            #.......     100%        3    ####...
 Gell's Gravitas          Tloc           #.........   100%        3    ####...
 Static Discharge         Conj/Air       #.......     100%        3    ####...
 Petrify                  Tmut/Erth      #.......     100%        4    #####..
 Lightning Bolt           Conj/Air       #.........   100%        5    ######.
 Metabolic Englaciation   Hex/Ice        #.........   100%        5    ######.
 Yara's Violent Unravell  Hex/Tmut       #.........   100%        5    ######.
 Conjure Ball Lightning   Conj/Air       #.........   100%        6    #######
 Deflect Missiles         Chrm/Air       #.........   100%        6    #######
 Freezing Cloud           Conj/Ice/Air   #.........   100%        6    #######
 Ozocubu's Refrigeration  Ice            #.........   100%        6    #######
 Poison Arrow             Conj/Pois      #.........   100%        6    #######
 Chain Lightning          Conj/Air       #.........   100%        8    #######
 Lehudib's Crystal Spear  Conj/Erth      #.........   100%        8    #######
 Fire Storm               Conj/Fire      #.........   100%        9    #######
 Glaciate                 Conj/Ice       #.........   100%        9    #######


Dungeon Overview and Level Annotations

Branches:
Dungeon (15/15)            Temple (1/1) D:7            Lair (6/6) D:8
  Swamp (4/4) Lair:4       Spider (2/4) Lair:3        Slime (0/5) Lair:5
    Orc (2/2) D:12            Elf (0/3) Orc:2        Vaults (0/5) D:13
 Depths (0/5) D:15

Altars:
Ashenzari
Cheibriados
Dithmenos
Elyvilon
Fedhas
Gozag
Hepliaklqana
Kikubaaqudgha
Makhleb
Nemelex Xobeh
Okawaru
Qazlal
Ru
Sif Muna
Trog
Uskayaw
Vehumet
Wu Jian
Xom
Yredelemnul
Zin
The Shining One
Beogh

Shops:
D:8 *   D:12 *   D:15 %   Orc:1 [   Orc:2 }(}}%

Annotations:
D:8 exclusion: downstairs
D:13 1 runed door, WhatIsLove's ghost, journeyman GnBe
D:14 exclusion: downstairs
Lair:5 exclusion: downstairs


Innate Abilities, Weirdness & Mutations

You are resistant to torment.
Your stone body is resilient. (AC +12)
You are immune to poison.
Your large and strong wings let you fly indefinitely.
You resist negative energy. (rN+)
You are resistant to electric shocks. (rElec)
You can survive without breathing.
You are immune to petrification.
You are immune to rotting.


Message History

* * * LOW HITPOINT WARNING * * *
The moth of wrath is engulfed in blazing flames.
The jumping spider leaps!
You feel better.
The wolf spider hits you but does no damage.
The wolf spider bites you!
* * * LOW HITPOINT WARNING * * *
The jumping spider pounces on you!
* * * LOW HITPOINT WARNING * * *
The jumping spider bites you but does no damage.
The jumping spider is engulfed in blazing flames.
You kill the jumping spider!
The wolf spider hits you but does no damage.
You block the wolf spider's attack.
The moth of wrath is engulfed in blazing flames.
You feel better. The wolf spider hits you.
* * * LOW HITPOINT WARNING * * *
The wolf spider bites you but does no damage.
The jumping spider leaps!
The wolf spider hits you!!
You die...

###.......#
#........##
###.......#
#......##
##^.....###
#.###..#..##
.^.......†.<# ##
..>.#...#..^# #.#
...#...#.@## %.##
........ssy###...#
.........§##....#
#...##.###§..##.#
..........○s...##
..#.....^#......##
...^......○......#
.#.......s.§.#..##..
....#.....#.....^.#


You could see a demonic crawler, a wolf spider (berserk), a moth of wrath and a
jumping spider.

Vanquished Creatures
  Kirke (D:14)
  2 thorn hunters
  An orc warlord (D:14)
  Louise (Swamp:3)
  A stone giant (Orc:2)
  An ettin (Orc:1)
  2 vault guards (D:13)
  Josephine (D:14)
  An ice dragon (Lair:6)
  A ghost crab (Swamp:4)
  A death knight (D:14)
  A catoblepas (D:13)
  30 hydras
  An anaconda (Lair:6)
  7 centaur warriors
  3 shambling mangroves
  11 alligators
  5 two-headed ogres
  A tengu warrior (D:15)
  A vampire mage (D:15)
  7 death yaks
  5 orc high priests (Orc:2)
  2 skeletal warriors
  A spriggan druid (Swamp:3)
  Pikel (D:5)
  12 swamp dragons
  2 unseen horrors
  An orange crystal statue (D:13)
  2 lindwurms (Lair:6)
  2 phantasmal warriors (D:14)
  A necromancer (D:15)
  8 orc knights
  2 orb spiders (Spider:1)
  9 ugly things
  6 wolf spiders
  An orc sorcerer (Orc:2)
  A cyclops (D:15)
  A deep elf mage (D:14)
  2 centaur zombies (D:13)
  A moth of wrath (shapeshifter) (D:14)
  4 elephants (Lair:3)
  A spiny frog (shapeshifter) (D:15)
  18 spiny frogs
  7 black mambas
  6 torpor snails
  3 gargoyles
  An ice statue (D:15)
  4 komodo dragons
  3 rime drakes (Swamp:3)
  2 kobold demonologists (D:15)
  3 demonic crawlers
  An ice devil (D:15)
  A yaktaur skeleton (D:15)
  A guardian mummy (D:15)
  10 trolls
  15 polar bears
  13 tyrant leeches
  2 jumping spiders
  20 hornets
  3 raiju (Lair:6)
  10 bog bodies
  18 slime creatures
  9 blink frogs
  12 dream sheep
  A spriggan zombie (D:15)
  16 hippogriffs
  A meliai zombie (D:15)
  A centaur simulacrum (D:15)
  A fire dragon skeleton (D:15)
  A vampire (D:15)
  7 wraiths
  4 spriggans
  4 tarantellas
  2 hogs (D:14)
  5 wyverns
  3 shadows
  4 redbacks
  56 yaks
  4 fire bats (D:10)
  3 water elementals
  A human (D:13)
  2 hungry ghosts
  3 basilisks
  11 vampire mosquitoes
  A steam dragon (D:8)
  5 insubstantial wisps (Swamp:3)
  5 wargs
  Menkaure (Ossuary)
  A soldier ant (D:15)
  14 water moccasins
  12 swamp worms
  15 hell hounds
  12 swamp drakes
  12 porcupines
  8 ice beasts
  3 sky beasts
  12 black bears
  A phantom (D:8)
  43 orc warriors
  A hornet zombie (D:15)
  10 ogres
  3 eyes of draining
  42 wolves
  9 centaurs
  13 crocodiles
  An elf zombie (D:8)
  9 bullfrogs
  8 scorpions
  13 wights
  5 howler monkeys
  4 electric eels
  6 crimson imps
  2 bullfrog zombies
  2 lava snakes (D:10)
  4 human zombies
  A quasit (D:10)
  33 orc priests
  10 hounds
  3 bullfrog skeletons
  3 centaur skeletons
  27 orc wizards
  11 jellies
  Terence (D:2)
  2 human skeletons (D:8)
  3 iguanas
  4 hell rats (Lair:2)
  16 worker ants
  A killer bee zombie (D:5)
  A hound zombie (D:6)
  6 mummies
  A howler monkey zombie (D:7)
  A worker ant zombie (D:5)
  16 adders
  2 shadow imps
  2 white imps (D:15)
  5 oozes
  2 adder skeletons
  A worm (D:3)
  5 leopard geckos
  117 orcs
  8 bats
  10 giant cockroaches
  4 gnoll zombies (Ossuary)
  8 hobgoblins
  9 jackals
  11 kobolds
  2 quokkas
  4 frilled lizards
  5 gnoll skeletons (Ossuary)
  6 goblins
  A goblin skeleton (Ossuary)
  5 goblin zombies (Ossuary)
  7 hobgoblin skeletons (Ossuary)
  4 hobgoblin zombies
  6 kobold skeletons (Ossuary)
  6 kobold zombies
  A leopard gecko skeleton (D:8)
  2 orc skeletons (Ossuary)
  5 orc zombies (Ossuary)
  3 quokka skeletons (D:5)
  A quokka zombie (D:6)
  7 rats
  3 rat skeletons (Ossuary)
  3 rat zombies (Ossuary)
  2 fire vortices (D:10)
  8 plants
1119 creatures vanquished.

Vanquished Creatures (collateral kills)
  Rupert (Orc:1)
  An ogre mage (D:13)
  3 vault guards (D:13)
  A deep elf archer (D:13)
  An orc sorcerer (D:13)
  A warg (Orc:1)
  An orc warrior (Orc:2)
  An orc (Orc:1)
  A plant (D:13)
11 creatures vanquished.

Vanquished Creatures (others)
  A water moccasin (Lair:5)
  A bat (D:1)
  A kobold (D:15)
  A kobold skeleton (Ossuary)
  A briar patch (Swamp:3)
  A fire vortex (D:10)
  22 fungi
  28 plants
56 creatures vanquished.

Grand Total: 1186 creatures vanquished

Notes
Turn   | Place    | Note
-------+----------+-------------------------------------------
     0 | D:1      | D1HalberdGnoll the Gargoyle Fighter began the quest for the
                  | Orb.
     0 | D:1      | Reached XP level 1. HP: 14/14 MP: 1/1
   149 | D:1      | Reached XP level 2. HP: 13/19 MP: 2/2
   721 | D:1      | Reached XP level 3. HP: 17/23 MP: 3/3
  1165 | D:2      | Noticed Terence
  1181 | D:2      | Killed Terence
  1181 | D:2      | Reached skill level 3 in Maces & Flails
  1243 | D:2      | Found a sacrificial altar of Ru.
  1247 | D:2      | Reached XP level 4. HP: 29/29 MP: 4/4
  1859 | D:3      | Reached XP level 5. HP: 30/33 MP: 5/5
  2145 | D:3      | Reached skill level 4 in Maces & Flails
  2290 | D:3      | Reached XP level 6. HP: 38/38 MP: 6/6
  2677 | D:4      | Found a hide-covered altar of Uskayaw.
  3485 | D:4      | Reached XP level 7. HP: 44/44 MP: 7/7
  3644 | D:4      | Found a deep blue altar of Sif Muna.
  3779 | D:4      | Reached skill level 5 in Maces & Flails
  3835 | D:4      | Reached skill level 5 in Shields
  4043 | D:5      | Entered Level 5 of the Dungeon
  4069 | D:5      | Reached skill level 5 in Fighting
  4175 | D:5      | Reached skill level 5 in Armour
  4488 | D:5      | Noticed Pikel
  4521 | D:5      | Killed Pikel
  4521 | D:5      | Reached skill level 6 in Maces & Flails
  4521 | D:5      | Reached XP level 8. HP: 51/51 MP: 8/8
  4646 | D:5      | Found a glowing golden altar of the Shining One.
  4720 | D:5      | Became a worshipper of the Shining One
  4879 | D:6      | Found a sand-covered staircase.
  4890 | Ossuary  | Entered an ossuary
  4929 | Ossuary  | Reached * piety under the Shining One
  5002 | Ossuary  | Reached ** piety under the Shining One
  5096 | Ossuary  | Reached *** piety under the Shining One
  5160 | Ossuary  | Reached **** piety under the Shining One
  5182 | Ossuary  | Noticed Menkaure
  5193 | Ossuary  | Killed Menkaure
  5193 | Ossuary  | Reached skill level 7 in Maces & Flails
  5721 | D:6      | Reached XP level 9. HP: 51/56 MP: 9/9
  6360 | D:7      | Reached ***** piety under the Shining One
  6542 | D:7      | Reached skill level 8 in Maces & Flails
  6717 | D:7      | Found a staircase to the Ecumenical Temple.
  7181 | Temple   | Entered the Ecumenical Temple
  7626 | D:7      | Reached skill level 9 in Maces & Flails
  7626 | D:7      | Reached XP level 10. HP: 33/63 MP: 10/10
  8365 | D:7      | Reached skill level 1 in Invocations
  8483 | D:8      | Found a staircase to the Lair.
  8599 | D:8      | Found a stormy altar of Qazlal.
  8656 | D:8      | Found an ancient bone altar of Kikubaaqudgha.
  8845 | D:8      | Noticed a two-headed ogre
  8876 | D:8      | Killed a two-headed ogre
  8876 | D:8      | Reached skill level 10 in Maces & Flails
  9130 | D:8      | Found an ornate altar of the Wu Jian Council.
  9143 | D:8      | Found an iron altar of Okawaru.
  9235 | D:8      | Found Qanofri's General Store.
  9360 | D:9      | Reached XP level 11. HP: 50/69 MP: 13/13
 10236 | D:10     | Entered Level 10 of the Dungeon
 10907 | D:10     | Reached ****** piety under the Shining One
 10920 | D:10     | Reached skill level 11 in Maces & Flails
 11665 | D:11     | Noticed a two-headed ogre
 11940 | D:11     | Killed a two-headed ogre
 12118 | D:11     | Noticed a white ugly thing
 12142 | D:11     | Killed a white ugly thing
 12142 | D:11     | Reached skill level 5 in Invocations
 12507 | D:11     | Noticed a two-headed ogre
 12523 | D:11     | Killed a two-headed ogre
 12877 | D:11     | Noticed a white ugly thing
 12892 | D:11     | Killed a white ugly thing
 12892 | D:11     | Reached XP level 12. HP: 50/76 MP: 12/16
 13255 | Lair:1   | Entered Level 1 of the Lair of Beasts
 13632 | Lair:1   | Noticed a seven-headed hydra
 13644 | Lair:1   | Killed a seven-headed hydra
 13717 | D:8      | Reached skill level 12 in Maces & Flails
 14042 | Lair:1   | Reached skill level 10 in Shields
 14098 | Lair:1   | Reached skill level 10 in Fighting
 14107 | Lair:1   | Reached skill level 10 in Armour
 14674 | Lair:1   | Noticed a five-headed hydra
 14690 | Lair:1   | Killed a five-headed hydra
 14690 | Lair:1   | Reached skill level 1 in Evocations
 14807 | Lair:1   | You fall through a shaft!
 15374 | Lair:1   | Found a bloodstained altar of Trog.
 16091 | Lair:2   | Identified the Reference Book on Icy Self-Knowledge
 17006 | Lair:3   | Got a heavily runed turquoise ring
 17027 | Lair:3   | Noticed a seven-headed hydra
 17028 | Lair:3   | Found a hole to the Spider Nest.
 17335 | Lair:2   | Reached XP level 13. HP: 64/83 MP: 18/18
 17654 | Lair:3   | Reached skill level 13 in Maces & Flails
 18509 | Lair:3   | Identified the ring of the Original Sin {+Fly Str+3} (You
                  | found it on level 3 of the Lair of Beasts)
 18596 | Lair:3   | Reached skill level 5 in Evocations
 20368 | Lair:4   | Found a staircase to the Swamp.
 21261 | Lair:5   | Found a staircase to the Slime Pits.
 21566 | Lair:6   | Entered Level 6 of the Lair of Beasts
 22186 | Lair:5   | Reached skill level 14 in Maces & Flails
 22186 | Lair:5   | Gained mutation: Your large and strong wings let you fly
                  | indefinitely. [Gargoyle growth]
 22186 | Lair:5   | Reached XP level 14. HP: 47/90 MP: 20/20
 23620 | Lair:6   | Got a translucent buckler
 24965 | Lair:6   | Reached skill level 10 in Invocations
 25259 | Lair:6   | Identified the +6 buckler "Toan" {Int+6 Dex+4} (You found
                  | it on level 6 of the Lair of Beasts)
 25348 | Lair:6   | Found a runed door.
 26874 | D:12     | Found a roughly hewn altar of Beogh.
 26874 | D:12     | Found a staircase to the Orcish Mines.
 26918 | D:12     | Reached XP level 15. HP: 70/97 MP: 18/22
 26943 | D:12     | Reached skill level 10 in Evocations
 27160 | D:12     | Found Raahoor's Assorted Antiques.
 27825 | D:13     | Found a runed door.
 27825 | D:13     | Found a shimmering altar of Xom.
 27825 | D:13     | Noticed WhatIsLove's ghost (journeyman GnBe)
 28448 | D:13     | Got a clouded steel ring
 28473 | D:13     | Identified the ring of Mitaph {Ice rPois MR+ Str-4 Dex+3}
                  | (You found it on level 13 of the Dungeon)
 28576 | D:13     | Paralysed by an ogre mage for 7 turns
 28709 | D:13     | Found a gate to the Vaults.
 29174 | D:14     | Noticed Josephine
 29184 | D:14     | Killed Josephine
 29793 | D:14     | Noticed an orc warlord
 29957 | D:14     | Killed an orc warlord
 30410 | D:14     | Noticed Kirke
 30442 | D:14     | Killed Kirke
 30671 | D:15     | Entered Level 15 of the Dungeon
 30736 | D:15     | Found a staircase to the Depths.
 30976 | D:15     | Reached XP level 16. HP: 99/105 MP: 21/24
 31982 | D:15     | Found Kiasmi Ykhlu's Food Shoppe.
 32196 | D:15     | Identified the Papyrus of Lightness
 32354 | Orc:1    | Entered Level 1 of the Orcish Mines
 32354 | Orc:1    | Found Zegutz's Armour Emporium.
 32563 | Orc:2    | Entered Level 2 of the Orcish Mines
 32707 | Orc:2    | Noticed Rupert
 32844 | Orc:1    | Killed Rupert
 33220 | Orc:2    | Found a staircase to the Elven Halls.
 33478 | Orc:2    | Found Aheoqose's Gadget Shop.
 33675 | Orc:2    | Bought a lamp of fire for 560 gold pieces
 34941 | Orc:2    | Found Qyfofo's Antique Weapon Shop.
 34944 | Orc:2    | Found Gebuesoo's Food Shop.
 34945 | Orc:2    | Found Gutua's Gadget Shop.
 34946 | Orc:2    | Found Riororph's Gadget Boutique.
 35206 | Orc:1    | Reached skill level 15 in Maces & Flails
 35519 | Swamp:1  | Entered Level 1 of the Swamp
 36115 | Swamp:1  | Got a crude ring mail
 36179 | Swamp:1  | Identified the +1 ring mail "Byesureu" {Regen+ Int-5
                  | Slay+2} (You found it on level 1 of the Swamp)
 36799 | Swamp:1  | Reached skill level 1 in Dodging
 36906 | Swamp:2  | Reached XP level 17. HP: 50/112 MP: 14/26
 39115 | Swamp:3  | Noticed Louise
 39172 | Swamp:3  | Killed Louise
 39177 | Swamp:3  | Reached skill level 15 in Shields
 39766 | Swamp:4  | Entered Level 4 of the Swamp
 39868 | Swamp:3  | Reached skill level 15 in Fighting
 42123 | Swamp:4  | Got a decaying rune of Zot
 42433 | Spider:1 | Entered Level 1 of the Spider Nest
 43114 | Spider:2 | Reached skill level 16 in Maces & Flails
 43181 | Spider:2 | HP: 2/113 [jumping spider (6)]
 43182 | Spider:2 | Demolished by a wolf spider

Vault maps used:
D:1:      onia_arrival_mini_maze, lemuel_old_faithful
D:2:      hangedman_ru_absence, uniq_terence
D:4:      eat_drink_and_be_merry_uskayaw, first_ration, lemuel_blue_sif_altar
D:5:      tso_metal_star, hangedman_decor_peaks_small, uniq_pikel
D:6:      enter_ossuary_3
D:7:      minmay_temple_entry_large_hall
D:8:      amethyst_overflow_temple_binary, lemuel_mausoleum_altar_kikubaaqudgha,
          minmay_lair_entry_grove, basic_altar, serial_shops,
          nicolae_shop_temple_entry_statues_fountains, grunt_ogre_cave
D:9:      evilmike_surprise_oklob
D:10:     hangedman_incinerator
D:12:     david_orc_5, serial_shops, nicolae_shop_trees
D:13:     grunt_vaults_entry_fortified, ebering_ghost_xom, chequers_avenue,
          minmay_protected_statue
D:14:     serial_park_tiny_1, minmay_holes, hex_tiny, kennysheep_four_rooms,
          uniq_kirke, uniq_josephine
D:15:     gammafunk_depths_entry_grave, serial_shops, nicolae_shop_statue_plus,
          minmay_strange_pillars, ice2_lemuel
Temple:   minmay_temple_bridge_d
Lair:1:   wad_woods_structure_01, basic_altar, grunt_forest_large_clearings,
          serial_bayou_shore_b
Lair:3:   nicolae_spider_entry_non_spiders, serial_bayou_shore_b,
          grunt_megastairs_1
Lair:4:   nicolae_swamp_entry_splash_gauntlet, serial_bayou_ford_a,
          hibernation_bobbens
Lair:5:   nicolae_slime_entry_slimehenge
Lair:6:   wormcave, hangedman_lair_caniforms_friends, serial_bayou_shore_a,
          infiniplex_staircase_pool_2
Swamp:1:  evilmike_swamp_ruin_house_1, swamp_pool1
Swamp:2:  portal_ice_cave_entry_pillars_2, evilmike_swamp_ruin_house_5
Swamp:3:  evilmike_swamp_ruin_rubble_1, uniq_louise
Swamp:4:  swamp_alternative, swamp_pool4
Spider:1: nicolae_spider_mines_1
Orc:1:    serial_shops, nicolae_shop_window_shopping
Orc:2:    st_orc_pillars, serial_shops, shop, uniq_rupert
Ossuary:  ossuary_due_pyramid

Skill      XL: |  1  2  3  4  5  6  7  8  9 10 11 12 13 14 15 16 17 |
---------------+----------------------------------------------------+-----
Maces & Flails | 3 4 6 7 9 10 11 12 14 15 16 | 16.0
Armour         | 4 5 6 7 8 9 10 | 10.1
Fighting       | 4 5 6 7 8 9 10 11 12 13 14 15 | 15.4
Shields        | 4 5 6 7 8 9 10 11 12 13 14 15 | 15.0
Invocations    | 3 5 7 8 10 11 12 14 | 14.0
Evocations     | 3 6 9 11 12 | 12.0
Dodging        | 1 4 |  4.7

Action                   |  1- 3 |  4- 6 |  7- 9 | 10-12 | 13-15 | 16-18 || total
-------------------------+-------+-------+-------+-------+-------+-------++-------
Melee: Flail             |    97 |   251 |   163 |   463 |  1259 |  1972 ||  4205
       Whip              |       |       |   404 |   701 |  1155 |       ||  2260
       Unarmed           |       |       |       |       |     6 |       ||     6
Throw: Throwing net      |       |       |       |     1 |       |       ||     1
Invok: Divine Shield     |       |       |       |     3 |    10 |     6 ||    19
       Summon Divine War |       |       |       |       |     2 |     3 ||     5
       Cleansing Flame   |       |       |       |       |     2 |     2 ||     4
 Abil: Fly               |       |       |       |       |     1 |       ||     1
Evoke: Wand              |       |       |       |     7 |     8 |     1 ||    16
       Lamp of fire      |       |       |       |       |       |     1 ||     1
  Use: Scroll            |       |       |    15 |    12 |    15 |    11 ||    53
       Potion            |       |       |     2 |     3 |     3 |     4 ||    12
  Eat: Chunk             |       |     8 |     6 |    21 |    28 |    18 ||    81
       Ration            |       |       |     3 |     3 |     8 |     7 ||    21
Armor: Scale mail        |    70 |   158 |   229 |   330 |   509 |       ||  1296
       Ice dragon scales |       |       |       |       |   139 |       ||   139
       Crystal plate arm |       |       |       |       |   216 |  1307 ||  1523
Dodge: Dodged            |    25 |    94 |   157 |   326 |   573 |   689 ||  1864
Block: Shield            |    61 |   146 |   236 |   529 |   705 |       ||  1677
       Buckler           |       |       |       |       |   580 |  1655 ||  2235

Table legend:
 A = Non-vault XP
 B = Vault XP
 C = Vault XP percentage of total XP
 D = Non-vault monster count
 E = Vault monster count
 F = Vault count percentage of total count
                 A         B        C        D         E       F
            +---------+---------+-------+---------+---------+-------
      Total |  154809 |   87104 |  36.0 |     736 |     382 |  34.2
            +---------+---------+-------+---------+---------+-------
        D:1 |      37 |       0 |   0.0 |      23 |       0 |   0.0
        D:2 |      31 |      36 |  53.7 |      12 |       1 |   7.7
        D:3 |     303 |       0 |   0.0 |      39 |       0 |   0.0
        D:4 |     404 |       0 |   0.0 |      16 |       0 |   0.0
        D:5 |     373 |     718 |  65.8 |      19 |       1 |   5.0
        D:6 |     365 |       2 |   0.5 |      16 |       2 |  11.1
        D:7 |    1158 |    1241 |  51.7 |      22 |       7 |  24.1
        D:8 |    1996 |    2200 |  52.4 |      19 |      23 |  54.8
        D:9 |    2468 |       0 |   0.0 |      30 |       0 |   0.0
       D:10 |    2967 |    1034 |  25.8 |      33 |       7 |  17.5
       D:11 |    4035 |       0 |   0.0 |      18 |       0 |   0.0
       D:12 |    2929 |     902 |  23.5 |      18 |      23 |  56.1
       D:13 |    7919 |    5782 |  42.2 |      32 |      11 |  25.6
       D:14 |   12304 |    7714 |  38.5 |      32 |      14 |  30.4
       D:15 |   12656 |    6098 |  32.5 |      41 |      22 |  34.9
     Lair:1 |    3911 |    2909 |  42.7 |      18 |      18 |  50.0
     Lair:2 |    3299 |       0 |   0.0 |      20 |       0 |   0.0
     Lair:3 |   11163 |     576 |   4.9 |      38 |       8 |  17.4
     Lair:4 |    6039 |    1285 |  17.5 |      21 |       5 |  19.2
     Lair:5 |    6910 |     193 |   2.7 |      16 |       7 |  30.4
     Lair:6 |   12730 |   18667 |  59.5 |      39 |      75 |  65.8
    Swamp:1 |   14185 |       0 |   0.0 |      40 |       0 |   0.0
    Swamp:2 |   16667 |    1939 |  10.4 |      38 |       1 |   2.6
    Swamp:3 |   11368 |   18583 |  62.0 |      28 |      27 |  49.1
    Swamp:4 |    5369 |     837 |  13.5 |      12 |       2 |  14.3
   Spider:1 |    3122 |    2310 |  42.5 |       7 |       6 |  46.2
   Spider:2 |    2397 |       0 |   0.0 |       8 |       0 |   0.0
      Orc:1 |    4674 |    2265 |  32.6 |      54 |       1 |   1.8
      Orc:2 |    3030 |   11552 |  79.2 |      27 |      69 |  71.9
    Ossuary |       0 |     261 | 100.0 |       0 |      52 | 100.0
            +---------+---------+-------+---------+---------+-------
